 Dungeon Crawl Stone Soup version 0.28.0-45-g0d030f2227 (webtiles) character file.

Game seed: 10426474089223982863

66 protoss039 the Covered (level 4, -2/35 HPs)
             Began as a Human Fighter on Apr 11, 2022.
             Killed from afar by an orc wizard (8 damage)
             ... with a puff of flame
             ... on level 2 of the Dungeon.
             The game lasted 00:01:40 (2003 turns).

protoss039 the Covered (Human Fighter)              Turns: 2003, Time: 00:01:40

Health: -2/35      AC:  6    Str: 19    XL:     4   Next: 37%
Magic:  4/4        EV:  9    Int:  8    God:
Gold:   71         SH:  4    Dex: 12    Spells: 3/3 levels left

rFire   . . .      SeeInvis .   a - +0 war axe
rCold   . . .      Faith    .   c - +0 buckler
rNeg    . . .      Spirit   .   b - +0 scale mail
rPois   .          Reflect  .   (no helmet)
rElec   .          Harm     .   (no cloak)
rCorr   +          Rampage  .   (no gloves)
Will    .....                   (no boots)
Stlth   ..........              (no amulet)
HPRegen 0.11/turn               f - ring of resist corrosion
MPRegen 0.09/turn               (no ring)

@: mighty
A: no striking features
a: no special abilities


You were on level 2 of the Dungeon.
You visited 1 branch of the dungeon, and saw 3 of its levels.

You collected 71 gold pieces.

Inventory:

Hand Weapons
 a - a +0 war axe (weapon)
Armour
 b - a +0 scale mail (worn)
 c - a +0 buckler (worn)
Jewellery
 f - a ring of resist corrosion (left hand)
Scrolls
 h - a scroll of fog {unknown}
Potions
 e - a potion of mutation {unknown}
 g - 2 potions of lignification {unknown}
 i - a potion of ambrosia {unknown}
 j - a potion of heal wounds {unknown}
 k - a potion of curing {unknown}


   Skills:
 + Level 3.5 Fighting
 + Level 2.7 Axes
 + Level 3.5 Armour
 + Level 3.5 Shields


You had 3 spell levels left.
You didn't know any spells.
Your spell library contained the following spells:

 Spells                   Type           Power      Damage    Failure   Level
 Magic Dart               Conj           0%         1d3       86%         1
 Summon Small Mammal      Summ           0%         N/A       86%         1
 Searing Ray              Conj           0%         2d4       94%         2
 Call Canine Familiar     Summ           0%         N/A       99%         3
 Confusing Touch          Hex            0%         N/A       99%         3
 Summon Guardian Golem    Hex/Summ       0%         N/A       99%         3
 Fulminant Prism          Conj/Hex       0%         3d6       100%        4
 Yara's Violent Unravell  Hex/Tmut       0%         3d3       100%        5
 Enfeeble                 Hex            0%         N/A       100%        7


Dungeon Overview and Level Annotations

Branches:
Dungeon (3/15)

Altars:
Cheibriados

Annotations:
D:3 Jessica


Message History

You feel sick.
You are no longer poisoned.
There is a stone staircase leading down here.
Unknown command.
Deactivating autopickup; reactivate with Ctrl-A.
You hit something. You closely miss the adder.
The adder bites you but does no damage. x2
You hear some strange, mumbled words.
Something tries to affect you, but you resist.
Unknown command.
You completely miss something. You closely miss the adder.
The adder closely misses you. Something hits you but does no damage.
The adder bites you but does no damage.
Unknown command.
You feel very mighty all of a sudden.
You hear some strange, mumbled words.
A puff of flame appears from out of thin air!
The puff of flame hits you.
* * * LOW HITPOINT WARNING * * *
The adder misses you.
Unknown command.
You miss something. You hit the adder. You block the adder's attack.
Something completely misses you. The adder misses you.
Something completely misses you.
Unknown command.
You completely miss something. You hit the adder.
The adder bites you but does no damage. Something hits you but does no damage.
The adder barely misses you.
Unknown command.
You hit something but do no damage. You barely miss the adder.
The adder bites you but does no damage.
You hear some strange, mumbled words.
A magic dart appears from out of thin air!
The magic dart hits you.
* * * LOW HITPOINT WARNING * * *
The adder bites you but does no damage.
You hear some strange, mumbled words.
A puff of flame appears from out of thin air!
The puff of flame hits you!
You die...

#.#..........#÷.## #.##
#................# #.# #######
###.÷.......#.##.## #.# #.....#
#...........##..# #.# #.....##
#..........####.###.##
#......### #..........##
#...#.#.
###.##...###...........#
###.....
#.####..).....{S...#.######....
#)# #########@##..............
#.# #.##.÷............ #.######
#.##.#.####.......
#......#######.##.#÷.###.......
#.##.............÷.#...........
#.###..#######.....###.........
#.##........................#..
#.##........(#.....#........###
#.##...........................


You could see an adder.

Vanquished Creatures
  2 adders (D:2)
  A worm (D:2)
  8 ball pythons
  3 endoplasms (D:1)
  A giant cockroach (D:1)
  4 goblins
  5 hobgoblins
  4 jackals (D:1)
  2 kobolds
  3 quokkas (D:1)
  2 bats (D:2)
  3 frilled lizards (D:2)
  4 rats
42 creatures vanquished.

Notes
Turn   | Place    | Note
-------+----------+-------------------------------------------
     0 | D:1      | protoss039 the Human Fighter began the quest for the Orb.
     0 | D:1      | Reached XP level 1. HP: 18/18 MP: 1/1
   119 | D:1      | Reached XP level 2. HP: 11/24 MP: 2/2
   546 | D:1      | Reached XP level 3. HP: 29/29 MP: 3/3
   670 | D:1      | Found a faded altar of an unknown god.
  1605 | D:2      | Reached XP level 4. HP: 28/35 MP: 4/4
  1900 | D:2      | Found a snail-covered altar of Cheibriados.
  1986 | D:3      | Noticed Jessica
  2003 | D:2      | Killed from afar by an orc wizard

Illustrated notes

Levels and vault maps discovered:
D:1:      lemuel_arrival_rhombus, layout_basic, basic_ecumenical_altar,
          minivault_14
D:2:      layout_rooms, basic_altar
D:3:      minmay_diamond_boxcup, layout_basic, serial_shops, nicolae_shop_trees,
          uniq_jessica

Action                   |  1- 3 |  4- 6 || total
-------------------------+-------+-------++-------
Melee: War axe           |    81 |    31 ||   112
  Use: Potion            |       |     1 ||     1
Armor: Scale mail        |    45 |    17 ||    62
Dodge: Dodged            |    51 |    12 ||    63
Block: Buckler           |    25 |     9 ||    34
